 Dungeon Crawl Stone Soup version 0.31-a0-210-gccc998df9b (webtiles) character file.

Game seed: 17880174738555601347

130 qw the Chopper (level 5, -1/32 HPs)
             Began as a Gargoyle Fighter on June 30, 2023.
             Slain by a cerulean imp
             ... wielding a +0 spear
             ... summoned by Natasha
              (3 damage)
             ... on level 3 of the Dungeon.
             The game lasted 00:01:44 (2129 turns).

qw the Chopper (Gargoyle Fighter)                   Turns: 2129, Time: 00:01:44

Health: -1/32      AC: 10    Str: 21    XL:     5   Next: 14%
Magic:  5/5        EV:  9    Int:  9    God:
Gold:   105        SH:  4    Dex:  9    Spells: 4/4 levels left

rFire   . . .        Y - +0 war axe
rCold   . . .        c - +0 buckler
rNeg    + . .        b - +0 scale mail
rPois   inf          (no helmet)
rElec   +            (no cloak)
rCorr   .            (no gloves)
SInv    .            (no boots)
Will    .....        (no amulet) Stlth
                     (no ring)
HPRegen 0.25/turn    (no ring)
MPRegen 0.09/turn

%: no passive effects
@: slowed, very slow
A: sickness immunity, AC +4, negative energy resistance 1, electricity
resistance, torment resistance 1, petrification resistance
a: no special abilities


You were on level 3 of the Dungeon.
You visited 1 branch of the dungeon, and saw 3 of its levels.

You collected 105 gold pieces.


Innate Abilities, Weirdness & Mutations

You are immune to sickness and miasma.
Your stone body is resilient. (AC +4)
You are immune to poison.
You resist negative energy. (rN+)
You are resistant to electric shocks. (rElec)
You are resistant to unholy torment.
You are immune to petrification.


   Skills:
 - Level 3.2 Fighting
 + Level 4.7 Axes
 - Level 3.2 Armour
 - Level 3.2 Shields


You had 4 spell levels left.
You didn't know any spells.
Your spell library was empty.

Inventory:

Hand Weapons
 j - a +0 morningstar
 Y - a +0 war axe (weapon)
Armour
 b - a +0 scale mail (worn)
 c - a +0 buckler (worn)
Potions
 d - 2 potions of might
 f - a potion of degeneration {unknown}
 g - a potion of enlightenment
 i - a potion of haste

Dungeon Overview and Level Annotations

Branches:
Dungeon (3/15)

Altars:

Shops:
D:3 (

Portals:
Sewer: D:3

Annotations:
D:3 Natasha


Message History

You hit Natasha.
Natasha is almost dead.
Natasha casts a spell at you.
You feel yourself slow down. The cerulean imp barely misses you.
Natasha claws you but does no damage.
You closely miss Natasha.
Natasha is almost dead.
The cerulean imp hits you but does no damage.
Natasha claws you.
The cerulean imp hits you from afar with a +0 spear.
Natasha claws you. The cerulean imp barely misses you.
You closely miss Natasha.
Natasha is almost dead.
Natasha barely misses you. You block the cerulean imp's attack.
Natasha casts a spell at you. You resist with some effort.
You closely miss Natasha.
Natasha is almost dead.
The cerulean imp hits you but does no damage.
Natasha completely misses you.
The cerulean imp hits you but does no damage.
Natasha stares at you and mumbles some strange words.
The magic dart hits you.
You barely miss Natasha.
Natasha is almost dead.
The cerulean imp hits you but does no damage.
Natasha wildly gestures.
Natasha glows brightly for a moment.
Natasha claws you but does no damage.
The cerulean imp hits you from afar with a +0 spear.
Natasha closely misses you.
You barely miss Natasha.
Natasha is almost dead.
You block the cerulean imp's attack. Natasha claws you.
The cerulean imp hits you from afar with a +0 spear.
You closely miss Natasha.
Natasha is almost dead.
Natasha claws you but does no damage.
The cerulean imp hits you from afar with a +0 spear.
You die...

## #. #. #######.#
###. #r5.r.h.# #.'%
#h# ######+###.#.
#@# #..........##
####.## #..........#
#>....###..........#
#.#................#
#
#..................
#........######.#..
#........# #.#..
#........# #.#.#
#####...## #.#.#


You could see Natasha, a cerulean imp (summoned) and a rat.

Vanquished Creatures
  Terence (D:2)
  4 gnolls (D:2)
  2 dart slugs
  2 ball pythons
  An endoplasm (D:1)
  2 giant cockroaches
  8 goblins
  3 hobgoblins
  11 jackals
  7 kobolds
  3 quokkas
  6 bats
  3 frilled lizards
  7 rats
60 creatures vanquished.

Notes
Turn   | Place    | Note
-------+----------+-------------------------------------------
     0 | D:1      | qw the Gargoyle Fighter began the quest for the Orb.
     0 | D:1      | Reached XP level 1. HP: 14/14 MP: 1/1
     0 | D:1      | 0 ||| qw: Version: 0.3-a-26-gee661ec
     0 | D:1      | 0 ||| qw: Game counter: 7309
     0 | D:1      | 0 ||| qw: Melee chars always use a shield: true
     0 | D:1      | 0 ||| qw: God list: Okawaru
     0 | D:1      | 0 ||| qw: Allow faded altars: false
     0 | D:1      | 0 ||| qw: Do Orc after clearing Dungeon:15 true
     0 | D:1      | 0 ||| qw: Do second Lair branch before Depths: true
     0 | D:1      | 0 ||| qw: Lair rune preference: random
     0 | D:1      | 0 ||| qw: Goals: Normal, Zot:1-4, Slime:5, God:TSO, Crypt,
                  | Tomb, Abyss, Pan, Hells, Win
     0 | D:1      | 0 ||| PLANNING D:1-11
    86 | D:1      | Reached skill level 2 in Axes
   172 | D:1      | 172 ||| Stepping ~*~*~tactically~*~*~ (hiding).
   178 | D:1      | 178 ||| Stepping ~*~*~tactically~*~*~ (stealth).
   184 | D:1      | Reached XP level 2. HP: 19/19 MP: 2/2
   318 | D:1      | Found a faded altar of an unknown god.
   352 | D:1      | Reached skill level 3 in Axes
   477 | D:1      | 477 ||| Stepping ~*~*~tactically~*~*~ (stealth).
   479 | D:1      | 479 ||| Stepping ~*~*~tactically~*~*~ (stealth).
   562 | D:1      | 562 ||| Stepping ~*~*~tactically~*~*~ (hiding).
   572 | D:1      | Reached XP level 3. HP: 23/23 MP: 3/3
   797 | D:1      | 797 ||| DRINKING 2 metallic brown potions.
   798 | D:1      | 798 ||| DRINKING 2 pink potions.
  1042 | D:2      | 1042 ||| Stepping ~*~*~tactically~*~*~ (hiding).
  1150 | D:2      | HP: 4/23 [gnoll/+0 spear (3)]
  1151 | D:2      | Reached XP level 4. HP: 5/28 MP: 4/4
  1151 | D:2      | 1151 ||| DRINKING potion of heal wounds.
  1153 | D:2      | Reached skill level 4 in Axes
  1183 | D:2      | 1183 ||| DROPPING +0 club.
  1519 | D:2      | Noticed Terence
  1530 | D:2      | Killed Terence
  1538 | D:2      | Reached XP level 5. HP: 20/32 MP: 5/5
  1589 | D:2      | 1589 ||| DROPPING +0 flail.
  1870 | D:2      | 1870 ||| READING scroll labelled MUALIQ ZOBLYTE.
  1894 | D:2      | 1894 ||| DRINKING 2 inky potions.
  1911 | D:3      | 1911 ||| PLANNING SEWER
  1934 | D:3      | Found Syusmemm's Weapon Boutique.
  1953 | D:3      | Found a glowing drain.
  1961 | D:3      | 1961 ||| READING scroll labelled ESEECU BECVIPN.
  1962 | D:3      | 1962 ||| READING scroll labelled QOJET IQUJONO.
  1980 | D:3      | 1980 ||| Stepping randomly (stuck).
  1981 | D:3      | 1981 ||| Stepping randomly (stuck).
  1982 | D:3      | 1982 ||| Stepping randomly (stuck).
  1983 | D:3      | 1983 ||| Stepping randomly (stuck).
  1984 | D:3      | 1984 ||| Stepping randomly (stuck).
  1985 | D:3      | 1985 ||| Stepping randomly (stuck).
  1989 | D:3      | 1989 ||| Stepping randomly (stuck).
  1990 | D:3      | 1990 ||| Stepping randomly (stuck).
  1996 | D:3      | 1996 ||| Stepping randomly (stuck).
  1997 | D:3      | 1997 ||| Stepping randomly (stuck).
  1998 | D:3      | 1998 ||| Stepping randomly (stuck).
  1999 | D:3      | 1999 ||| Stepping randomly (stuck).
  2000 | D:3      | 2000 ||| Stepping randomly (stuck).
  2001 | D:3      | 2001 ||| Stepping randomly (stuck).
  2002 | D:3      | 2002 ||| Stepping randomly (stuck).
  2003 | D:3      | 2003 ||| Stepping randomly (stuck).
  2004 | D:3      | 2004 ||| Stepping randomly (stuck).
  2005 | D:3      | 2005 ||| Stepping randomly (stuck).
  2006 | D:3      | 2006 ||| Stepping randomly (stuck).
  2007 | D:3      | 2007 ||| Stepping randomly (stuck).
  2008 | D:3      | 2008 ||| Stepping randomly (stuck).
  2009 | D:3      | 2009 ||| Stepping randomly (stuck).
  2010 | D:3      | 2010 ||| Stepping randomly (stuck).
  2011 | D:3      | 2011 ||| Stepping randomly (stuck).
  2012 | D:3      | 2012 ||| Stepping randomly (stuck).
  2013 | D:3      | 2013 ||| Stepping randomly (stuck).
  2014 | D:3      | 2014 ||| Stepping randomly (stuck).
  2015 | D:3      | 2015 ||| Stepping randomly (stuck).
  2016 | D:3      | 2016 ||| Stepping randomly (stuck).
  2017 | D:3      | 2017 ||| Stepping randomly (stuck).
  2018 | D:3      | 2018 ||| Stepping randomly (stuck).
  2019 | D:3      | 2019 ||| Stepping randomly (stuck).
  2020 | D:3      | 2020 ||| Stepping randomly (stuck).
  2021 | D:3      | 2021 ||| Stepping randomly (stuck).
  2028 | D:3      | 2028 ||| Stepping randomly (stuck).
  2029 | D:3      | 2029 ||| Stepping randomly (stuck).
  2030 | D:3      | 2030 ||| Stepping randomly (stuck).
  2031 | D:3      | 2031 ||| Stepping randomly (stuck).
  2032 | D:3      | 2032 ||| Stepping randomly (stuck).
  2033 | D:3      | 2033 ||| Stepping randomly (stuck).
  2034 | D:3      | 2034 ||| Stepping randomly (stuck).
  2035 | D:3      | 2035 ||| Stepping randomly (stuck).
  2036 | D:3      | 2036 ||| Stepping randomly (stuck).
  2037 | D:3      | 2037 ||| Stepping randomly (stuck).
  2038 | D:3      | 2038 ||| Stepping randomly (stuck).
  2039 | D:3      | 2039 ||| Stepping randomly (stuck).
  2040 | D:3      | 2040 ||| Stepping randomly (stuck).
  2041 | D:3      | 2041 ||| Stepping randomly (stuck).
  2042 | D:3      | 2042 ||| Stepping randomly (stuck).
  2043 | D:3      | 2043 ||| Stepping randomly (stuck).
  2044 | D:3      | 2044 ||| Stepping randomly (stuck).
  2045 | D:3      | 2045 ||| Stepping randomly (stuck).
  2046 | D:3      | 2046 ||| Stepping randomly (stuck).
  2047 | D:3      | 2047 ||| Stepping randomly (stuck).
  2048 | D:3      | 2048 ||| Stepping randomly (stuck).
  2049 | D:3      | 2049 ||| Stepping randomly (stuck).
  2050 | D:3      | 2050 ||| Stepping randomly (stuck).
  2051 | D:3      | 2051 ||| Stepping randomly (stuck).
  2052 | D:3      | 2052 ||| Stepping randomly (stuck).
  2053 | D:3      | 2053 ||| Stepping randomly (stuck).
  2054 | D:3      | 2054 ||| Stepping randomly (stuck).
  2055 | D:3      | 2055 ||| Stepping randomly (stuck).
  2056 | D:3      | 2056 ||| Stepping randomly (stuck).
  2057 | D:3      | 2057 ||| Stepping randomly (stuck).
  2058 | D:3      | 2058 ||| Stepping randomly (stuck).
  2059 | D:3      | 2059 ||| Stepping randomly (stuck).
  2060 | D:3      | 2060 ||| Stepping randomly (stuck).
  2061 | D:3      | 2061 ||| Stepping randomly (stuck).
  2062 | D:3      | 2062 ||| Stepping randomly (stuck).
  2063 | D:3      | 2063 ||| Stepping randomly (stuck).
  2064 | D:3      | 2064 ||| Stepping randomly (stuck).
  2065 | D:3      | 2065 ||| Stepping randomly (stuck).
  2066 | D:3      | 2066 ||| Stepping randomly (stuck).
  2067 | D:3      | 2067 ||| Stepping randomly (stuck).
  2068 | D:3      | 2068 ||| Stepping randomly (stuck).
  2069 | D:3      | 2069 ||| Stepping randomly (stuck).
  2070 | D:3      | 2070 ||| Stepping randomly (stuck).
  2071 | D:3      | 2071 ||| Stepping randomly (stuck).
  2072 | D:3      | 2072 ||| Stepping randomly (stuck).
  2073 | D:3      | 2073 ||| Stepping randomly (stuck).
  2074 | D:3      | 2074 ||| Stepping randomly (stuck).
  2075 | D:3      | 2075 ||| Stepping randomly (stuck).
  2076 | D:3      | 2076 ||| Stepping randomly (stuck).
  2077 | D:3      | 2077 ||| Stepping randomly (stuck).
  2078 | D:3      | 2078 ||| Stepping randomly (stuck).
  2079 | D:3      | 2079 ||| Stepping randomly (stuck).
  2080 | D:3      | 2080 ||| Stepping randomly (stuck).
  2081 | D:3      | 2081 ||| Stepping randomly (stuck).
  2082 | D:3      | 2082 ||| Stepping randomly (stuck).
  2083 | D:3      | 2083 ||| Stepping randomly (stuck).
  2084 | D:3      | 2084 ||| Stepping randomly (stuck).
  2085 | D:3      | 2085 ||| Stepping randomly (stuck).
  2086 | D:3      | 2086 ||| Stepping randomly (stuck).
  2087 | D:3      | 2087 ||| Stepping randomly (stuck).
  2088 | D:3      | 2088 ||| Stepping randomly (stuck).
  2089 | D:3      | 2089 ||| Stepping randomly (stuck).
  2090 | D:3      | 2090 ||| Stepping randomly (stuck).
  2091 | D:3      | 2091 ||| Stepping randomly (stuck).
  2092 | D:3      | 2092 ||| Stepping randomly (stuck).
  2093 | D:3      | 2093 ||| Stepping randomly (stuck).
  2094 | D:3      | 2094 ||| Stepping randomly (stuck).
  2095 | D:3      | 2095 ||| Stepping randomly (stuck).
  2096 | D:3      | 2096 ||| Stepping randomly (stuck).
  2097 | D:3      | 2097 ||| Stepping randomly (stuck).
  2098 | D:3      | 2098 ||| Stepping randomly (stuck).
  2099 | D:3      | 2099 ||| Stepping randomly (stuck).
  2100 | D:3      | 2100 ||| Stepping randomly (stuck).
  2101 | D:3      | 2101 ||| Stepping randomly (stuck).
  2102 | D:3      | 2102 ||| Stepping randomly (stuck).
  2103 | D:3      | 2103 ||| Stepping randomly (stuck).
  2104 | D:3      | 2104 ||| Stepping randomly (stuck).
  2105 | D:3      | 2105 ||| Stepping randomly (stuck).
  2106 | D:3      | 2106 ||| Stepping randomly (stuck).
  2107 | D:3      | 2107 ||| Stepping randomly (stuck).
  2108 | D:3      | 2108 ||| Stepping randomly (stuck).
  2109 | D:3      | 2109 ||| Stepping randomly (stuck).
  2110 | D:3      | 2110 ||| Stepping randomly (stuck).
  2111 | D:3      | 2111 ||| Stepping randomly (stuck).
  2112 | D:3      | 2112 ||| Stepping randomly (stuck).
  2112 | D:3      | Noticed Natasha
  2113 | D:3      | 2113 ||| Stepping ~*~*~tactically~*~*~ (hiding).
  2127 | D:3      | HP: 5/32 [cerulean imp/+0 spear[Natasha] (5)]
  2128 | D:3      | HP: 2/32 [cerulean imp/+0 spear[Natasha] (1)]
  2129 | D:3      | Slain by a cerulean imp

Levels and vault maps discovered:
D:1:      lightli_arrival_flooded_house, layout_loops_ring,
          hellmonk_ecumenical_altar_heavens_door, minmay_tetromino_i2
D:2:      layout_basic, uniq_terence
D:3:      layout_basic, mainiacjoe_overflow_two_lobes, serial_shops,
          nicolae_shop_rolling_square, portal_sewer_entry_f,
          kennysheep_generic_room_14, uniq_natasha

Skill      XL: |  1  2  3  4 |
---------------+-------------+-----
Axes           | 2 3 4 |  4.7
Fighting       | |  3.2
Armour         | |  3.2
Shields        | |  3.2

Action                     |  1- 3 |  4- 6 || total
---------------------------+-------+-------++-------
  Melee: War axe           |   104 |    96 ||   200
    Use: Potion            |     2 |     2 ||     4
         Scroll            |       |     3 ||     3
 Armour: Scale mail        |    49 |    54 ||   103
  Dodge: Dodged            |    41 |    44 ||    85
  Block: Buckler           |    22 |    19 ||    41

Table legend:
 A = Non-vault XP
 B = Vault XP
 C = Vault XP percentage of total XP
 D = Non-vault monster count
 E = Vault monster count
 F = Vault count percentage of total count
                 A         B        C        D         E       F
            +---------+---------+-------+---------+---------+-------
      Total |     149 |      38 |  20.3 |      56 |       4 |   6.7
            +---------+---------+-------+---------+---------+-------
        D:1 |      36 |       4 |  10.0 |      20 |       2 |   9.1
        D:2 |     106 |      32 |  23.2 |      31 |       1 |   3.1
        D:3 |       7 |       2 |  22.2 |       5 |       1 |  16.7
            +---------+---------+-------+---------+---------+-------
